 Dungeon Crawl Stone Soup version 0.24.0-35-gdb84b6a5db (webtiles) character file.

Game seed: 11878884995582573095, levelgen mode: deterministic

87 Curus the Twirler (level 4, -5/33 HPs)
             Began as a Demonspawn Gladiator on Nov 18, 2019.
             Slain by an orc
             ... wielding a +0 trident
              (6 damage)
             ... on level 3 of the Dungeon.
             The game lasted 00:09:27 (2377 turns).

Curus the Twirler (Demonspawn Gladiator)            Turns: 2377, Time: 00:09:28

Health: -5/33      AC:  3    Str: 14    XL:     4   Next: 28%
Magic:  4/4        EV: 15    Int:  9    God:
Gold:   127        SH:  0    Dex: 16    Spells: 3/3 levels left

rFire    . . .     SeeInvis .   a - +0 quarterstaff
rCold    . . .     Gourm    .   (shield currently unavailable)
rNeg     . . .     Faith    .   b - +0 leather armour
rPois    .         Spirit   .   (helmet restricted)
rElec    .         Reflect  .   (no cloak)
rCorr    +         Harm     .   (no gloves)
MR       .....                  (no boots)
Stlth    +.........             (no amulet)
HPRegen  0.11/turn              h - +2 ring of evasion
MPRegen  0.09/turn              i - ring of resist corrosion

@: confused
A: horns 1, large bone plates 1
a: no special abilities


You were on level 3 of the Dungeon.
You were very hungry.

You visited 1 branch of the dungeon, and saw 3 of its levels.

You collected 127 gold pieces.

Inventory:

Hand Weapons
 a - a +0 quarterstaff (weapon)
Missiles
 d - 3 throwing nets (quivered)
Armour
 b - a +0 leather armour (worn)
 c - a +0 helmet
Jewellery
 h - a +2 ring of evasion (left hand)
 i - a ring of resist corrosion (right hand)
Scrolls
 e - 2 scrolls of remove curse
 g - a scroll of identify
Comestibles
 f - 2 rations


   Skills:
 - Level 2.0 Fighting
 + Level 4.7 Staves
 - Level 1.7 Throwing
 - Level 2.6 Dodging


You had 3 spell levels left.
You didn't know any spells.
Your spell library was empty.

Dungeon Overview and Level Annotations

Branches:
Dungeon (3/15)

Altars:


Innate Abilities, Weirdness & Mutations

You have a pair of small horns on your head.
You are partially covered in large bone plates. (SH +4)


Message History

The hobgoblin completely misses you. The orc wizard casts a spell at you.
You are confused.
The orc priest shouts!
Something tries to affect you, but you resist.
The hobgoblin hits you but does no damage.
The orc wizard casts a spell at you.
You are more confused.
The orc wizard closely misses you. The orc hits you.
The hobgoblin barely misses you.
You barely miss the hobgoblin. The orc wizard completely misses you.
The orc completely misses you. The orc hits you.
The hobgoblin hits you with a +0 club.
The orc priest invokes the aid of Beogh against you.
Beogh smites you!
* * * LOW HITPOINT WARNING * * *
The orc wizard gestures at you while chanting.
The puff of flame misses you. The orc completely misses you.
The orc hits you from afar with a +0 trident.
You die...

## #. .# #. #. .# #.
#.#.# #. #.#>#######
##.### ...#..?..#.g.....
#....# #....!...........
#....####................
#......†@................
#....#..oo...............
#....#..g.o..............
#....#................#.#
####.....o..........!....
##...................#.#
#.........#.....#.....#.
#........########l...#.#
#.......######.<.K......


You could see an orc priest, an orc wizard, 2 orcs and a hobgoblin.

Vanquished Creatures
  An adder (D:2)
  2 worms (D:2)
  A dart slug (D:2)
  2 leopard geckos
  A giant cockroach (D:2)
  7 hobgoblins
  11 jackals
  A ball python (D:1)
  10 bats
  7 frilled lizards
  9 goblins
  8 kobolds
  3 rats
63 creatures vanquished.

Notes
Turn   | Place    | Note
-------+----------+-------------------------------------------
     0 | D:1      | Curus the Demonspawn Gladiator began the quest for the Orb.
     0 | D:1      | Reached XP level 1. HP: 16/16 MP: 1/1
    54 | D:1      | Reached skill level 3 in Staves
    94 | D:1      | You fall into a shaft and drop 1 floor!
   104 | D:2      | Gained mutation: You are partially covered in large bone
                  | plates. (SH +4) [demonic ancestry]
   104 | D:2      | Reached XP level 2. HP: 11/22 MP: 2/2
   723 | D:1      | Reached XP level 3. HP: 26/27 MP: 3/3
   904 | D:1      | Reached skill level 4 in Staves
  1972 | D:2      | Gained mutation: You have a pair of small horns on your
                  | head. [demonic ancestry]
  1972 | D:2      | Reached XP level 4. HP: 30/33 MP: 4/4
  2376 | D:3      | HP: 1/33 [orc priest/divine providence (12)]
  2377 | D:3      | Slain by an orc

Levels and vault maps discovered:
D:1:      sevenhm_arrival_forest_fort_large_4, layout_loops_corners,
          nrook_mini_vaults, lemuel_old_faithful
D:2:      layout_basic, serial_glass, glass_columns_a, glass_columns_a,
          minmay_puff
D:3:      layout_rooms, hangedman_decor_riveting, grunt_decor_clamped,
          uniq_terence

Skill      XL: |  1  2  3 |
---------------+----------+-----
Staves         | 3 4 |  4.7
Fighting       | |  2.0
Throwing       | |  1.7
Dodging        | |  2.6

Action                   |  1- 3 |  4- 6 || total
-------------------------+-------+-------++-------
Melee: Quarterstaff      |   152 |    28 ||   180
       Headbutt          |       |     4 ||     4
  Use: Potion            |     2 |     1 ||     3
       Scroll            |     5 |       ||     5
 Stab: Sleeping          |     2 |       ||     2
  Eat: Ration            |     1 |       ||     1
Armor: Leather armour    |    42 |     7 ||    49
Dodge: Dodged            |   101 |    36 ||   137
Block: Other             |    22 |     9 ||    31
